 Dungeon Crawl Stone Soup version 0.27.1 (webtiles) character file.

Game seed: 3507019173868323892

3 hawla the Sneak (level 1, -2/13 HPs)
             Began as a Deep Elf Delver on Aug 26, 2021.
             Slain by an adder (4 damage)
             ... on level 2 of the Dungeon.
             The game lasted 00:01:14 (329 turns).

hawla the Sneak (Deep Elf Delver)                    Turns: 329, Time: 00:01:14

Health: -2/13      AC:  2    Str:  8 (9)  XL:     1   Next: 41%
Magic:  3/3        EV: 12    Int: 11 (14) God:
Gold:   11         SH:  0    Dex: 15 (16) Spells: 0/0 levels left

rFire    . . .     SeeInvis .   a - +0 short sword
rCold    . . .     Faith    .   (no shield)
rNeg     . . .     Spirit   .   e - +0 robe
rPois    .         Reflect  .   (no helmet)
rElec    .         Harm     .   (no cloak)
rCorr    .         Rampage  .   (no gloves)
Will     .....                  (no boots)
Stlth    +++.......             (no amulet)
HPRegen  0.04/turn              (no ring)
MPRegen  0.08/turn              (no ring)

@: lethally poisoned (-2 -> -3), flying
A: no striking features
a: no special abilities


You were on level 2 of the Dungeon.
You visited 1 branch of the dungeon, and saw 4 of its levels.

You collected 11 gold pieces.

Inventory:

Hand Weapons
 a - a +0 short sword (weapon)
Armour
 e - a +0 robe (worn)
Wands
 g - a wand of digging (3)
 i - a wand of iceblast (10)
Scrolls
 b - a scroll of identify {unknown}
 c - a scroll of fog
 d - a scroll of magic mapping
Potions
 f - 2 potions of haste
 h - a potion of flight


   Skills:
 + Level 2.6 Fighting
 + Level 2.0 Short Blades
 + Level 2.4 Dodging
 + Level 6.0 Stealth


You couldn't memorise any spells.
You didn't know any spells.
Your spell library was empty.

Dungeon Overview and Level Annotations

Branches:
Dungeon (5/15)
 Temple: D:4-7

Altars:


Message History

Where to? (Enter - D:5 @ (x,y), ? - help)
What level of the Dungeon? (default 1, ? - help)
A kobold is nearby!
The helpless kobold fails to defend itself.
You impale the kobold!!
You kill the kobold!
(D) Dungeon
Where to? (Enter - D:3, ? - help)
What level of the Dungeon? (default 1, ? - help)
You open the door.
There is an open door here.
There is a stone staircase leading up here.
You climb upwards.
Found a stone staircase leading up and a stone staircase leading down.
There is a stone staircase leading down here.
There is a stone staircase leading up here.
You climb upwards.
The adder hisses angrily.
Found a runed hat and a scroll labelled NAJOTR FUNEPO.
There is a stone staircase leading down here.
The adder bites you. x2
You see here a +2 hat.
It was a potion of flight.
You feel very buoyant.
You fly up into the air.
The adder bites you.
You are poisoned.
The adder poisons you!
You barely miss the adder.
You feel sick. The giant cockroach bites you. The adder closely misses you.
You hit the adder.
The adder is moderately wounded.
You feel sick. The giant cockroach barely misses you. The adder bites you.
* * * LOW HITPOINT WARNING * * *
The giant cockroach barely misses you.
It was a potion of degeneration.
There was something very wrong with that liquid.
You feel weakened.
You feel dopey.
You feel clumsy.
* * * LOW HITPOINT WARNING * * *
You feel sick. The adder bites you.
You die...

#.########
#?.......#
#........#
#........#
#........#
#........#
+.....S..#
###.....B@.#
.......>####
#########


You could see an adder and a giant cockroach.

Vanquished Creatures
  A goblin (D:4)
  2 kobolds (D:4)
3 creatures vanquished.

Notes
Turn   | Place    | Note
-------+----------+-------------------------------------------
     0 | D:5      | hawla the Deep Elf Delver began the quest for the Orb.
     0 | D:5      | Reached XP level 1. HP: 13/13 MP: 3/3
   329 | D:2      | Slain by an adder

Illustrated notes

Levels and vault maps discovered:
D:2:      layout_basic, basic_altar, dreamdust_ecumenical_altar_statues,
          minmay_goblin_outpost
D:3:      layout_loops_corners, mainiacjoe_overflow_brackets, minmay_distorted,
          uniq_ijyb
D:4:      layout_loops_corners, temple_statues, biasface_ghost_orc_armoury
D:5:      cheibrodos_quashed, layout_cave_pools, mainiacjoe_overflow_alcove_1,
          enter_ossuary_4, uniq_eustachio

Action                   || total
-------------------------++-------
Melee: Short sword       ||     9
  Use: Potion            ||     2
       Scroll            ||     1
 Stab: Sleeping          ||     1
Armor: Leather armour    ||     1
Dodge: Dodged            ||     4
